cohdb
Replays
Latest Replays
All Replays
Popular Replays
Top Player Replays
Match Explorer
How It Works
Community
CoH3 Stats
Reddit
Sign in to upload your games and track your stats! →
Sign in with Steam
Match 45744286
Unlisted
Match 45744286
Overview
Messages
Build Orders
End
Selects Special Operations Battlegroup
Selects M29 Weasel Recon Vehicle
M29 Weasel Recon Vehicle
Construct Barracks
Riflemen Squad
Riflemen Squad
M1 Mortar Team
Riflemen Squad
Infantry Support Center
Selects Smoke Screen
M1918 Browning Automatic Rifles
Demolitions Package
Smoke Screen
Grenade Package
Construct Medical Station
Selects SSF Commando Squad
SSF Commando Squad
Smoke Screen
Construct Motor Pool
M1 Anti-tank Gun Team
M8 Greyhound Armored Car
Selects P-47 Anti-Infantry Loiter
Smoke Screen
Advanced Logistics
M1 Anti-tank Gun Team
Engineer Squad
Smoke Screen
M1 Anti-tank Gun Team
SSF Commando Squad
Smoke Screen
Selects M4A1 Sherman Whizbang
Partizanski
Evilstealer
JEFG
Seocheon
0
0
Comments
sign in to comment!
No comments posted yet!